 Dungeon Crawl Stone Soup version 0.20-a0-681-gf83e07f (webtiles) character file.

122 Alarkh the Slasher (level 4, -1/33 HPs)
             Began as a Mummy Skald on Feb 18, 2017.
             Slain by an orc priest
             ... wielding a +0 flail
              (2 damage)
             ... on level 3 of the Dungeon.
             The game lasted 00:03:20 (2236 turns).

Alarkh the Slasher (Mummy Skald)                    Turns: 2236, Time: 00:03:21

Health: -1/33      AC:  7    Str: 18    XL:     4   Next: 78%
Magic:  4/8        EV: 11    Int: 13    God:
Gold:   145        SH:  3    Dex: 11    Spells: 2/8 levels left

rFire    x . .     SeeInvis .   a - +0 falchion
rCold    + . .     Gourm    .   b - +0 leather armour
rNeg     + + +     Faith    .   (no shield)
rPois    ∞         Spirit   .   (no helmet)
rElec    .         Reflect  +   (no cloak)
rCorr    .         Harm     .   j - +0 pair of gloves
MR       .....                  (no boots)
Stlth    +.........             i - +3 amulet of reflection
Regen    0.2/turn               k - +3 ring of protection
MPRegen  0.2/turn               f - +4 ring of strength

@: no status effects
A: no food or potions, fire vulnerability, cold resistance 1, negative energy
resistance 3, torment resistance, unbreathing
a: no special abilities


You were on level 3 of the Dungeon.
You were not hungry.

You visited 1 branch of the dungeon, and saw 3 of its levels.

You collected 145 gold pieces.

Inventory:

Hand Weapons
 a - a +0 falchion (weapon)
Armour
 b - a +0 leather armour (worn)
 j - a +0 pair of gloves (worn)
Jewellery
 f - a +4 ring of strength (left hand)
 i - a +3 amulet of reflection (around neck)
 k - a +3 ring of protection (right hand)
Scrolls
 d - 2 scrolls of remove curse
 e - 4 scrolls of identify
 h - a scroll of magic mapping
Books
 c - a book of Battle

   Spells                             Type                      Level
   a - Infusion                       Charms                       1
   b - Shroud of Golubria             Charms/Translocation         2
   c - Song of Slaying                Charms                       2
   d - Spectral Weapon                Hexes/Charms                 3
   e - Regeneration                   Charms/Necromancy            3


   Skills:
 - Level 2.0 Fighting
 + Level 4.2 Long Blades
 - Level 0.7 Armour
 - Level 1.5 Dodging
 - Level 2.6 Spellcasting
 - Level 2.4 Charms


You had 2 spell levels left.
You knew the following spells:

 Your Spells              Type           Power        Failure   Level  Hunger
a - Infusion              Chrm           #...         12%         1    N/A
c - Spectral Weapon       Hex/Chrm       #.......     63%         3    N/A
e - Shroud of Golubria    Chrm/Tloc      #.........   30%         2    N/A

Dungeon Overview and Level Annotations

Branches:
Dungeon (3/15)

Altars:

Annotations:
D:2 Sigmund


Innate Abilities, Weirdness & Mutations

You do not eat or drink.
Your flesh is vulnerable to fire.
You are immune to poison.
Your flesh is cold resistant. (rC+)
You are immune to negative energy. (rN+++)
You are immune to unholy pain and torment.
You can survive without breathing.


Message History

The orc priest hits you with a flail.
* * * LOW HITPOINT WARNING * * *
You hit the orc priest but do no damage.
The orc priest is heavily wounded.
The orc priest miscasts a cantrip.
You closely miss the orc priest.
The orc priest is heavily wounded.
The orc priest barely misses you.
You closely miss the orc priest.
The orc priest is heavily wounded.
The rat twitches its whiskers.
The orc priest begins to cast a cantrip, but forgets the words!
You hit the orc priest.
The orc priest is severely wounded.
You are no longer magically infusing your attacks.
The orc priest closely misses you.
You closely miss the orc priest.
The orc priest is severely wounded.
The orc priest hits you with a flail.
You die...

###
#@#
#o#
#r#
..#
.###
o.
..
o..
?..


You could see an orc priest and a rat.

Vanquished Creatures
  6 adders
  2 oozes (D:2)
  A worm (D:2)
  2 dart slugs
  A leopard gecko (D:1)
  2 ball pythons (D:2)
  3 giant cockroaches
  6 goblins
  5 hobgoblins
  2 jackals (D:1)
  4 kobolds
  A quokka (D:2)
  5 bats
  7 frilled lizards
  8 rats
55 creatures vanquished.

Notes
Turn   | Place    | Note
-------+----------+-------------------------------------------
     0 | D:1      | Alarkh the Mummy Skald began the quest for the Orb.
     0 | D:1      | Reached XP level 1. HP: 16/16 MP: 4/4
   109 | D:1      | Reached skill level 2 in Long Blades
   113 | D:1      | Reached XP level 2. HP: 17/22 MP: 1/5
  1060 | D:2      | Reached XP level 3. HP: 26/27 MP: 2/7
  1275 | D:2      | Reached skill level 3 in Long Blades
  1498 | D:1      | Learned a level 2 spell: Shroud of Golubria
  1502 | D:1      | Learned a level 3 spell: Spectral Weapon
  1637 | D:2      | Reached XP level 4. HP: 33/33 MP: 4/8
  1819 | D:2      | Noticed Sigmund
  1853 | D:3      | Noticed an ogre
  1854 | D:3      | Reached skill level 4 in Long Blades
  2231 | D:3      | HP: 1/33 [orc priest/flail (3)]
  2236 | D:3      | Slain by an orc priest

Vault maps used:
D:1:      erik_arrival_blinker_ship
D:2:      grunt_ministairs_14, uniq_sigmund
D:3:      corexii_shack_village

Skill      XL: |  1  2  3  4 |
---------------+-------------+-----
Long Blades    | 2 3 4 |  4.2
Fighting       | |  2.0
Armour         | |  0.7
Dodging        | |  1.5
Spellcasting   | |  2.6
Charms         | |  2.4

Action                   |  1- 3 |  4- 6 || total
-------------------------+-------+-------++-------
Melee: Falchion          |   128 |    62 ||   190
 Cast: Infusion          |    21 |     7 ||    28
       Shroud of Golubri |     1 |       ||     1
  Use: Scroll            |     3 |     1 ||     4
Armor: Leather armour    |    35 |    20 ||    55
Dodge: Dodged            |    90 |    31 ||   121
Block: Other             |     6 |     6 ||    12
       Rpst.: Falchion   |    20 |    12 ||    32
